 Dungeon Crawl Stone Soup version 0.28.0-53-g5a82cb258f (webtiles) character file.

Game seed: 12691420986287472059

39 Legadrian the Skirmisher (level 3, -1/31 HPs)
             Began as a Human Fighter on June 29, 2022.
             Slain by Robin
             ... wielding a +0 falchion
              (5 damage)
             ... on level 2 of the Dungeon.
             The game lasted 00:02:51 (1328 turns).

Legadrian the Skirmisher (Human Fighter)            Turns: 1328, Time: 00:02:52

Health: -1/31      AC:  6    Str: 18    XL:     3   Next: 70%
Magic:  3/3        EV:  9    Int:  8    God:
Gold:   66         SH:  4    Dex: 12    Spells: 2/2 levels left

rFire   . . .      SeeInvis .   a - +0 flail
rCold   . . .      Faith    .   c - +0 buckler
rNeg    . . .      Spirit   .   b - +0 scale mail
rPois   .          Reflect  .   (no helmet)
rElec   .          Harm     .   (no cloak)
rCorr   .          Rampage  .   (no gloves)
Will    .....                   (no boots)
Stlth   ..........              (no amulet)
HPRegen 0.10/turn               (no ring)
MPRegen 0.08/turn               (no ring)

@: no status effects
A: no striking features
a: no special abilities


You were on level 2 of the Dungeon.
You visited 1 branch of the dungeon, and saw 2 of its levels.

You collected 66 gold pieces.

Inventory:

Hand Weapons
 a - a +0 flail (weapon)
Armour
 b - a +0 scale mail (worn)
 c - a +0 buckler (worn)
Jewellery
 h - an amulet of guardian spirit
Scrolls
 g - a scroll of teleportation {unknown}
Potions
 d - a potion of might
 e - a potion of brilliance {unknown}
 f - a potion of berserk rage {unknown}


   Skills:
 + Level 4.4 Fighting
 - Level 2.0 Maces & Flails
 - Level 3.0 Armour
 - Level 3.0 Shields


You had 2 spell levels left.
You didn't know any spells.
Your spell library contained the following spells:

 Spells                   Type           Power      Damage    Failure   Level
 Ozocubu's Armour         Ice            0%         N/A       99%         3
 Ozocubu's Refrigeration  Ice            0%         4d5       100%        7


Dungeon Overview and Level Annotations

Branches:
Dungeon (2/15)

Altars:

Annotations:
D:2 Robin


Message History

The goblin no longer looks unusually strong. x2
Robin's horned helmet rattles.
Robin roars a battlecry!
The goblins go into a battle-frenzy!
You miss the goblin. The goblin hits you but does no damage.
Robin throws the goblin at you! The goblin hits you with a +0 club.
The goblin barely misses you. The goblin hits you with a +0 club.
The goblin hits you with a +0 club.
You hit the goblin.
You kill the goblin!
You barely miss the goblin. You block the goblin's attack.
Robin throws the goblin at you! The goblin hits you with a +0 dagger.
You hit the goblin.
The goblin is heavily wounded.
The goblin hits you but does no damage. x2; The goblin barely misses you.
You barely miss the goblin.
The goblin is heavily wounded.
You block the goblin's attack. x2; The goblin hits you with a +0 dagger.
You closely miss the goblin.
The goblin is heavily wounded.
The goblin hits you with a +0 dagger.
* * * LOW HITPOINT WARNING * * *
You block the goblin's attack. The goblin barely misses you.
You sock the goblin!
You kill the goblin!
Robin throws the goblin at you! The goblin closely misses you.
You hit the goblin.
The goblin is heavily wounded.
The goblin no longer looks unusually strong.
You block the goblin's attack. Robin barely misses you.
You hit the goblin.
You kill the goblin!
Robin hits you with a +0 falchion.
* * * LOW HITPOINT WARNING * * *
Robin closely misses you.
Things that are here:
a +0 dagger; a +0 dagger; a goblin corpse You open the door.
Robin hits you with a +0 falchion.
You die...

#.###..# #..###.#
#... #......#
#......# #.##
#####.## ##.#####
#.# #.# #+# #.#
####.# ... #.##
##.##.# .... #...
##.#.#.## .....
###.
#.###.#.####......
####..
##.#.....g@'......
+.....
##)#...####......
####.. #.##.##
..... ##. #)####
.... ## #..# ... #
##.# #+# # #)# #.#
# #.# #.#
#.########
##.#######


You could see Robin.

Vanquished Creatures
  2 dart slugs (D:1)
  A ball python (D:1)
  An endoplasm (D:1)
  A giant cockroach (D:1)
  9 goblins
  3 hobgoblins (D:1)
  7 kobolds
  A quokka (D:1)
  3 bats
  3 rats (D:1)
31 creatures vanquished.

Notes
Turn   | Place    | Note
-------+----------+-------------------------------------------
     0 | D:1      | Legadrian the Human Fighter began the quest for the Orb.
     0 | D:1      | Reached XP level 1. HP: 18/18 MP: 1/1
   194 | D:1      | Reached XP level 2. HP: 24/24 MP: 2/2
   726 | D:1      | Reached skill level 4 in Fighting
   726 | D:1      | Reached XP level 3. HP: 30/30 MP: 3/3
  1278 | D:2      | Noticed Robin
  1328 | D:2      | Slain by Robin

Illustrated notes

Levels and vault maps discovered:
D:1:      amcnicky_arrival_feature_with_door, layout_loops_corners,
          minmay_tree_intersection, minmay_tromino_i2
D:2:      layout_loops_corners, nrook_loot_triangle, uniq_robin

Skill      XL: |  1  2 |
---------------+-------+-----
Fighting       | 4 |  4.4
Maces & Flails | |  2.0
Armour         | |  3.0
Shields        | |  3.0

Action                   || total
-------------------------++-------
Melee: Flail             ||   102
Armor: Scale mail        ||    56
Dodge: Dodged            ||    49
Block: Buckler           ||    25
